 Dungeon Crawl Stone Soup version 0.21.0-3-g78d12a8 (webtiles) character file.

17 negitausen the Chopper (level 2, -1/40 HPs)
             Began as a Minotaur Berserker on Jan 13, 2018.
             Was a Follower of Trog.
             Slain by a scorpion (6 damage)
             ... on level 2 of the Dungeon.
             The game lasted 00:05:05 (526 turns).

negitausen the Chopper (Minotaur Berserker)          Turns: 526, Time: 00:05:06

Health: -1/40      AC:  2    Str: 26    XL:     2   Next: 44%
Magic:  0/1        EV: 11    Int:  4    God:    Trog [*.....]
Gold:   42         SH:  2    Dex:  9    Spells: 1/1 levels left

rFire    + . .     SeeInvis .   a - +0 hand axe
rCold    . . .     Gourm    .   j - +0 buckler
rNeg     . . .     Faith    .   b - +0 animal skin
rPois    +         Spirit   +   (helmet restricted)
rElec    .         Reflect  .   (no cloak)
rCorr    .         Harm     .   (no gloves)
MR       .....     Clarity  +   (no boots)
Stlth    ..........             e - amulet of guardian spirit
HPRegen  0.13/turn              g - ring of protection from fire
MPRegen  0.07/turn              (no ring)

@: berserking, very quick
A: retaliatory headbutt, horns 2, clarity, poison resistance
a: Berserk, Burn Spellbooks, Renounce Religion


You were on level 2 of the Dungeon.
You worshipped Trog.
Trog was aware of your devotion.
You were not hungry.

You visited 1 branch of the dungeon, and saw 2 of its levels.

You collected 42 gold pieces.

Inventory:

Hand Weapons
 a - a +0 hand axe (weapon)
Missiles
 d - 4 steel tomahawks (quivered)
Armour
 b - a +0 animal skin (worn)
 j - a +0 buckler (worn)
 k - a +0 leather armour
Jewellery
 e - an amulet of guardian spirit (around neck)
 g - a ring of protection from fire (left hand)
Scrolls
 f - 4 scrolls of magic mapping
 i - a scroll of identify
Comestibles
 c - 4 rations
 h - a chunk of flesh


   Skills:
 + Level 3.9 Fighting
 * Level 4.3 Axes
 * Level 2.5 Armour
 * Level 2.3 Dodging


You had one spell level left.
You didn't know any spells.

Dungeon Overview and Level Annotations

Branches:
Dungeon (2/15)

Altars:


Innate Abilities, Weirdness & Mutations

You reflexively headbutt those who attack you in melee.
You have a pair of horns on your head.
You possess an exceptional clarity of mind.
Your system is resistant to poisons. (rPois)


Message History

You hit the adder. You barely miss the frilled lizard. The adder misses you.
The frilled lizard bites you but does no damage.
The scorpion barely misses you. You furiously retaliate!
You headbutt the scorpion, but do no damage.
The adder bites you.
* * * LOW HITPOINT WARNING * * *
You closely miss the scorpion.
The scorpion is moderately wounded.
Your shield prevents you from hitting the frilled lizard.
You closely miss the adder. The frilled lizard bites you.
* * * LOW HITPOINT WARNING * * *
The adder bites you but does no damage. The scorpion stings you.
* * * LOW HITPOINT WARNING * * *
The frilled lizard bites you but does no damage.
A red film seems to cover your vision as you go berserk!
You feel yourself moving faster!
You feel mighty!
You feel a lot more hungry. The adder bites you.
* * * LOW HITPOINT WARNING * * *
The scorpion stings you.
You die...

##..#.#.....
#(##....##..# ..
#######.###....##. ...
#........##....... ....
#.##..#......#..####...#
............#....#.....
.#.....................
..#..#.........†S......
#.#.##..........@s......
#................l......
#.#.....................
#............#..........
###..........#.###......
####.####.##.# ##.... #.
..##.# .... #. ###. #..
#.


You could see a scorpion, an adder and a frilled lizard.

Vanquished Creatures
  A leopard gecko (D:2)
  3 bats
  3 goblins (D:1)
  3 hobgoblins
  A kobold (D:1)
  2 rats (D:2)
13 creatures vanquished.

Notes
Turn   | Place    | Note
-------+----------+-------------------------------------------
     0 | D:1      | negitausen the Minotaur Berserker began the quest for the Orb.
     0 | D:1      | Reached XP level 1. HP: 19/19 MP: 0/0
   238 | D:1      | Gained mutation: Your magical capacity is low. (-10% MP) [potion of mutation]
   238 | D:1      | Gained mutation: Your system is resistant to poisons. (rPois) [potion of mutation]
   279 | D:1      | Reached skill level 4 in Axes
   279 | D:1      | Reached XP level 2. HP: 26/27 MP: 0/0
   317 | D:1      | Lost mutation: Your magical capacity is low. (-10% MP) [potion of mutation]
   317 | D:1      | Gained mutation: You possess an exceptional clarity of mind. [potion of mutation]
   513 | D:2      | Noticed a scorpion
   526 | D:2      | Slain by a scorpion

Skill      XL: |  1 |
---------------+----+-----
Axes           | 4 |  4.3
Fighting       | |  3.9
Armour         | |  2.5
Dodging        | |  2.3

Action                   || total
-------------------------++-------
Melee: Hand axe          ||    36
       Headbutt          ||     4
Invok: Berserk           ||     1
  Use: Potion            ||     5
       Scroll            ||     2
Armor: Animal skin       ||     8
Dodge: Dodged            ||    22
Block: Buckler           ||     3
